 Dungeon Crawl Stone Soup version v1.0-3-g0d6430d (webtiles) character file.

31220 TheOrbIsALie the Brawler (level 13, -8/106 HPs)
             Began as a Chaoskin Fighter on Oct 9, 2018.
             Was an Initiate of Gozag.
             Mangled by Kirke
             ... wielding a +0 mace
              (14 damage)
             ... on level 4 of the Lair of Beasts.
             The game lasted 00:44:28 (12714 turns).

TheOrbIsALie the Brawler (Chaoskin Fighter)        Turns: 12714, Time: 00:44:29

Health: -8/106     AC:  0    Str: 25    XL:     13   Next: 94%
Magic:  15/15      EV: 22    Int:  8    God:    Gozag
Gold:   2374       SH:  0    Dex: 20    Spells: 12/12 levels left

rFire    . . .     SeeInvis .     - Unarmed
rCold    . . .     Gourm    .   (shield currently unavailable)
rNeg     . . .     Faith    .   (armour currently unavailable)
rPois    .         Spirit   .   (helmet currently unavailable)
rElec    .         Reflect  .   (cloak currently unavailable)
rCorr    .         Harm     .   (gloves currently unavailable)
MR       .....                  (boots currently unavailable)
Stlth    ++++++....             E - amulet of rage
HPRegen  0.27/turn              (ring currently unavailable)
MPRegen  0.14/turn              (ring currently unavailable)

@: mighty, agile, pig-form (expiring), hasted, very quick
A: small, dopey 1, frail 1, evolution 2
a: Potion Petition, Call Merchant, Bribe Branch, Renounce Religion, Evoke
Berserk Rage


You were on level 4 of the Lair of Beasts.
You worshipped Gozag.
Gozag was most pleased with you.
You were hungry.
You were a filthy swine.
You visited 3 branches of the dungeon, and saw 16 of its levels.

You collected 2914 gold pieces.
You spent 344 gold pieces at shops.
You paid 196 gold pieces to Gozag.

Inventory:

Hand Weapons
 x - the +7 mace of Coinecw {flame, SInv}
   (You found it on level 4 of the Dungeon)

   It has been specially enchanted to burn those struck by it, causing extra
   injury to most foes and up to half again as much damage against particularly
   susceptible opponents.
   It lets you see invisible.
 F - the +5 war axe of the Five Yaks {chop, *Noise +Blink +Rage rF+, unknown}
   (You found it on level 5 of the Dungeon)

   It inflicts extra damage upon your enemies.
   It protects you from fire.
   It lets you blink.
   It lets you go berserk.
   It may make noises in combat.
 M - a +3 dagger of chaos
Armour
 h - a +2 shield of positive energy (melded)
 n - a +0 pair of gloves (melded)
 z - +0 ice dragon scales (melded)
 C - the +2 pair of boots of the Assassin (melded) {Detection Stab+ Stlth++}
   (You found it on level 5 of the Dungeon)

   It makes you much more stealthy.
 D - +0 fire dragon scales
 P - a +2 cloak (melded)
 R - the +0 helmet of Resourcefulness (melded) {Str+3}
   (You found it on level 10 of the Dungeon)

   It affects your strength (+3).
Magical Staves
 V - an uncursed staff of poison
Jewellery
 q - an uncursed ring of positive energy
 r - an uncursed ring of protection from fire
 E - an amulet of rage (around neck)
 I - an uncursed ring of fire
 J - a +4 ring of strength
 K - a +4 ring of evasion (melded)
 Q - an uncursed ring of fire
 W - an uncursed ring of magical power
 X - an uncursed ring of wizardry
 Y - a +6 ring of intelligence (melded)
Wands
 t - a wand of random effects (64)
 G - a wand of iceblast (7)
 L - a wand of paralysis (8)
 N - a wand of polymorph (20)
Scrolls
 a - 3 scrolls of enchant armour
 e - 12 scrolls of identify
 f - 5 scrolls of magic mapping
 g - 2 scrolls of fear
 j - 3 scrolls of remove curse
 k - 6 scrolls of teleportation
 l - a scroll of summoning {unknown}
 m - 3 scrolls of immolation
 u - 4 scrolls of amnesia
 y - 2 scrolls of random uselessness {unknown}
 T - a scroll of fog {unknown}
 U - a scroll of noise {unknown}
Potions
 b - a potion of ambrosia {unknown}
 i - a potion of invisibility
 o - a potion of cancellation {unknown}
 p - a potion of haste
 v - a potion of agility
 w - 2 potions of brilliance {unknown}
 A - 2 potions of lignification
 H - a potion of mutation
 O - 4 potions of flight
 S - a potion of might
Miscellaneous
 s - a sack of spiders
Comestibles
 d - 26 rations


   Skills:
 - Level 12.1 Fighting
 - Level 9.0 Armour
 + Level 4.2 Dodging
 - Level 10.0 Stealth
 - Level 3.2 Shields
 - Level 16.0 Unarmed Combat
 - Level 3.6 Evocations


You had 12 spell levels left.
You didn't know any spells.

Dungeon Overview and Level Annotations

Branches:
Dungeon (11/15)            Temple (1/1) D:6            Lair (4/6) D:11
 Spider (0/4) Lair:3          Orc (0/2) D:9
  Swamp: Lair:2-4    Shoals: Lair:2-4

Altars:
Ashenzari
Cheibriados
Dithmenos
Elyvilon
Fedhas
Gozag
Hepliaklqana
Kikubaaqudgha
Makhleb
Nemelex Xobeh
Okawaru
Qazlal
Ru
Sif Muna
Trog
Uskayaw
Vehumet
Wu Jian
Xom
Yredelemnul
Zin
The Shining One

Shops:
D:4 *   D:6 !   D:7 *   D:9 =

Annotations:
Lair:4 Kirke


Innate Abilities, Weirdness & Mutations

You are occasionally noticed by Xom.
You rapidly evolve.
((You are partially covered in molten scales. (AC +2)))
((Armour fits poorly on your strangely shaped body.))
You are dopey. (Int -2)
You are frail. (-10% HP)
((Your system is resistant to poisons. (rPois)))


Message History

You feel yourself speed up. Something hits you!
* * * LOW HITPOINT WARNING * * *
Evoke which item? (* to show all) (? for menu, Esc to quit)
Okay, then.
You feel yourself speed up. Something hits you.
* * * LOW HITPOINT WARNING * * *
You feel better.
You feel agile all of a sudden.
The sphinx mumbles some strange words.
Something smites you!
* * * LOW HITPOINT WARNING * * *
Something closely misses you.
Evoke which item? (* to show all) (? for menu, Esc to quit)
Okay, then.
Unknown command.
You barely miss something. You barely miss something. Something hits you!
You die...
Your body crumbles into a pile of gold.

........................
.....#................(.
###.##...........#..##.
# ####.#....)......##
##........P..##
##.......#### #.......#
#.......### #
#.......#h# #
#......H{## ###
#......#h# #.#
#........# .##
#......$#.# ### .##
##.......### ...
..#####........# ....
....#.#........# .....
......##.......###.....


You could see a sphinx and a hog.

Vanquished Creatures
  The ghost of TwoGrow the Pannier, a journeyman ChUs of Nemelex Xobeh (Lair:4)
  Nessos (Lair:4)
  The ghost of FraterFugae the Unseen, a journeyman PEAn of Vehumet (Lair:2)
  Fannar (D:10)
  3 hydras (Lair:4)
  An ice dragon (D:10)
  The ghost of TwoGrow the Carver, a journeyman FlTK of Cheibriados (D:11)
  3 death yaks (D:11)
  A two-headed ogre (D:10)
  Sonja (D:10)
  A flayed ghost (D:10)
  A manticore (Lair:3)
  2 elephants (Lair:3)
  3 black mambas
  Joseph (D:8)
  Psyche (D:8)
  Maurice (D:10)
  A gargoyle (D:11)
  8 spiny frogs
  A kobold demonologist (D:11)
  4 rime drakes (Lair:3)
  A queen bee (Lair:3)
  A jumping spider (D:10)
  2 hornets
  A blink frog (Lair:3)
  Grinder (D:3)
  5 hippogriffs
  A wyvern (D:7)
  A redback (Lair:3)
  8 yaks
  6 basilisks
  3 hogs (Lair:4)
  Grum (D:8)
  A hungry ghost (D:10)
  A steam dragon (Lair:3)
  7 water moccasins
  A soldier ant (D:10)
  Duvessa (D:7)
  6 porcupines
  2 sky beasts
  2 orc warriors
  A necrophage (D:7)
  5 ice beasts
  2 ogres (D:5)
  A phantom (D:5)
  A black bear (D:6)
  8 wolves
  6 centaurs
  13 crocodiles
  4 big kobolds
  12 bullfrogs
  A gnoll sergeant (D:6)
  The ghost of Faust the Conjurer, an amateur PECj (D:7)
  6 scorpions
  Dowan (D:7)
  21 killer bees (Lair:3)
  3 howler monkeys
  5 crimson imps
  2 centaur skeletons
  A centaur zombie (D:5)
  3 hounds
  5 jellies
  2 orc priests
  10 orc wizards
  4 iguanas
  10 worker ants
  A hell rat (Lair:3)
  A hound skeleton (D:4)
  A worker ant zombie (D:6)
  A howler monkey skeleton (D:4)
  12 adders
  7 gnolls
  A river rat (D:11)
  5 shadow imps
  9 oozes
  4 adder skeletons
  3 worms
  A dart slug (D:1)
  8 leopard geckos
  A leopard gecko (shapeshifter) (D:11)
  32 orcs
  4 bats
  10 giant cockroaches
  9 hobgoblins
  7 jackals
  22 kobolds
  12 quokkas
  6 frilled lizards
  9 goblins
  A leopard gecko skeleton (D:8)
  A leopard gecko zombie (D:5)
  2 quokka skeletons
  6 rats
  A plant (Lair:4)
395 creatures vanquished.

Vanquished Creatures (collateral kills)
  An orc wizard (D:3)
  An ooze (D:3)
2 creatures vanquished.

Vanquished Creatures (others)
  A jelly (D:5)
  4 fungi (Lair:4)
  A plant (Lair:4)
6 creatures vanquished.

Grand Total: 403 creatures vanquished

Notes
Turn   | Place    | Note
-------+----------+-------------------------------------------
     0 | D:1      | TheOrbIsALie the Chaoskin Fighter began the quest for the Orb.
     0 | D:1      | Reached XP level 1. HP: 19/19 MP: 1/1
    46 | D:1      | XOM: swap monsters
    70 | D:1      | Reached skill level 3 in Unarmed Combat
    70 | D:1      | Reached XP level 2. HP: 26/26 MP: 2/2
   154 | D:1      | Gained mutation: You evolve. [Chaoskin growth]
   154 | D:1      | Reached XP level 3. HP: 25/31 MP: 3/3
   162 | D:1      | XOM: scenery: create altars
   236 | D:1      | Reached skill level 4 in Unarmed Combat
   699 | D:2      | Reached XP level 4. HP: 27/38 MP: 4/4
  1041 | D:3      | XOM: summons 2 friendly demons
  1048 | D:3      | Reached skill level 5 in Unarmed Combat
  1097 | D:3      | Reached XP level 5. HP: 37/45 MP: 5/5
  1470 | D:3      | Reached skill level 6 in Unarmed Combat
  1543 | D:3      | Reached XP level 6. HP: 29/51 MP: 6/6
  1554 | D:3      | Noticed Grinder
  1563 | D:3      | Killed Grinder
  1563 | D:3      | Reached skill level 7 in Unarmed Combat
  1563 | D:3      | Reached XP level 7. HP: 32/57 MP: 7/7
  1842 | D:4      | XOM: potion effect (might)
  1846 | D:4      | Reached skill level 8 in Unarmed Combat
  1862 | D:4      | Found Segiet's General Store.
  1865 | D:4      | Bought a scroll of remove curse for 33 gold pieces
  1865 | D:4      | Bought a potion of agility for 44 gold pieces
  2014 | D:4      | Reached skill level 9 in Unarmed Combat
  2048 | D:4      | Got a twisted mace
  2049 | D:4      | Identified the +7 mace of Coinecw {flame, SInv} (You found it on level 4 of the Dungeon)
  2191 | D:4      | Found a sparkling altar of Nemelex Xobeh.
  2240 | D:5      | Entered Level 5 of the Dungeon
  2261 | D:5      | Reached XP level 8. HP: 56/63 MP: 8/8
  2330 | D:5      | XOM: destruction
  2520 | D:5      | Found a large runed door.
  2521 | D:5      | Found a large runed door.
  2544 | D:5      | Found the +2 pair of boots of the Assassin {Detection Stab+ Stlth++}
  2544 | D:5      | Found a large runed door.
  2544 | D:5      | Found a large runed door.
  2602 | D:5      | Reached skill level 10 in Unarmed Combat
  2618 | D:5      | XOM: divination: detect items
  2760 | D:5      | XOM: divination: magic mapping
  2831 | D:5      | Got an iridescent war axe
  2840 | D:5      | XOM: god gift: 33 gold pieces
  2935 | D:5      | XOM: 10-stop teleportation journey
  2947 | D:5      | XOM: god gift: 18 gold pieces
  2988 | D:5      | Reached skill level 5 in Fighting
  3022 | D:5      | Gained mutation: Scrolls take you a little longer to read. [evolution]
  3088 | D:5      | XOM: cloud trail
  3366 | D:6      | Reached XP level 9. HP: 51/78 MP: 9/9
  3579 | D:6      | Found a staircase to the Ecumenical Temple.
  3589 | Temple   | Entered the Ecumenical Temple
  3761 | D:6      | Found an ancient bone altar of Kikubaaqudgha.
  3762 | D:6      | Reached skill level 1 in Evocations
  3774 | D:6      | XOM: cast spell 'Cause Fear'
  3783 | D:6      | Found an iron altar of Okawaru.
  4050 | D:6      | Found Ningaism's Distillery.
  4053 | D:6      | Bought a potion of degeneration for 13 gold pieces
  4053 | D:6      | Bought a potion of curing for 39 gold pieces
  4053 | D:6      | Bought a potion of berserk rage for 65 gold pieces
  4053 | D:6      | Bought a potion of haste for 130 gold pieces
  4073 | D:6      | Reached skill level 1 in Stealth
  4243 | D:7      | Found a glowing golden altar of the Shining One.
  4254 | D:7      | Noticed Faust's ghost (amateur PECj)
  4259 | D:7      | XOM: summons 4 hostile demons
  4260 | D:7      | Noticed a smoke demon
  4466 | D:7      | Reached skill level 5 in Stealth
  4492 | D:7      | Gained mutation: Your muscles are strong. (Str +2) [evolution]
  4500 | D:7      | Found Zin's Purification Station.
  4502 | D:7      | Found a glowing silver altar of Zin.
  4624 | D:7      | Noticed Dowan
  4637 | D:7      | Noticed Duvessa
  4643 | D:7      | Killed Dowan
  4650 | D:7      | Killed Duvessa
  4710 | D:7      | XOM: give mutations
  4710 | D:7      | Gained mutation: Your mind is acute. (Int +2) [Xom's grace]
  4710 | D:7      | Gained mutation: Your system is resistant to poisons. (rPois) [Xom's grace]
  4710 | D:7      | Gained mutation: You possess an exceptional clarity of mind. [Xom's grace]
  4731 | D:7      | Killed Faust's ghost
  4875 | D:8      | Noticed an orange demon
  4875 | D:8      | Found a burning altar of Makhleb.
  4876 | D:8      | Noticed Psyche
  4882 | D:8      | Noticed a hornet
  4896 | D:8      | Killed a hornet
  4896 | D:8      | Reached XP level 10. HP: 84/84 MP: 12/12
  5212 | D:8      | Killed Psyche
  5337 | D:8      | Noticed Grum
  5342 | D:8      | XOM: confuse monster(s)
  5348 | D:8      | Killed Grum
  5855 | D:8      | Reached skill level 10 in Stealth
  5956 | D:8      | Noticed Joseph
  5974 | D:8      | Killed Joseph
  6205 | D:9      | Found an opulent altar of Gozag.
  6231 | D:9      | Became a worshipper of Gozag Ym Sagoz the Greedy
  6543 | D:9      | Found Upnimab's Jewellery Shop.
  6556 | D:9      | Bought a cursed amulet of inaccuracy for 20 gold pieces
  6625 | D:9      | Found a staircase to the Orcish Mines.
  6752 | D:9      | XOM: give mutations
  6752 | D:9      | Lost mutation: You possess an exceptional clarity of mind. [Xom's mischief]
  6752 | D:9      | Gained mutation: You are frail. (-10% HP) [Xom's mischief]
  6752 | D:9      | Gained mutation: You tend to lose your temper in combat. [Xom's mischief]
  6752 | D:9      | Lost mutation: Your mind is acute. (Int +2) [Xom's mischief]
  6772 | D:10     | Entered Level 10 of the Dungeon
  6852 | D:10     | Reached skill level 11 in Unarmed Combat
  6856 | D:10     | XOM: polymorph something unseen -> jumping spider
  6915 | D:10     | Noticed a flayed ghost
  6921 | D:10     | Killed a flayed ghost
  6921 | D:10     | Reached XP level 11. HP: 66/81 MP: 13/13
  6949 | D:10     | Noticed Fannar
  6957 | D:10     | Noticed Sonja
  6962 | D:10     | Killed Fannar
  6962 | D:10     | Reached skill level 12 in Unarmed Combat
  6963 | D:10     | Killed Sonja
  6963 | D:10     | Reached skill level 13 in Unarmed Combat
  6964 | D:10     | Noticed an ice dragon
  7029 | D:10     | Noticed Maurice
  7030 | D:10     | Killed Maurice
  7155 | D:10     | Got a heavily runed helmet
  7158 | D:10     | Identified the +0 helmet of Resourcefulness {Str+3} (You found it on level 10 of the Dungeon)
  7363 | D:10     | Identified the Compendium of Flight and Poison
  7389 | D:10     | Identified Tufeaf's Reference Book on Boosting Moulding
  7478 | D:10     | XOM: polymorph kobold demonologist -> soldier ant
  7489 | D:10     | Killed an ice dragon
  7513 | D:10     | Noticed a two-headed ogre
  7519 | D:10     | Killed a two-headed ogre
  7519 | D:10     | Reached skill level 14 in Unarmed Combat
  7546 | D:11     | XOM: chaos upgrade
  7681 | D:11     | Noticed TwoGrow's ghost (journeyman FlTK)
  7682 | D:11     | Noticed a sixfirhy
  7822 | D:11     | Noticed a death yak
  7826 | D:11     | Noticed a death yak
  7827 | D:11     | Found a staircase to the Lair.
  7855 | D:11     | Noticed a death yak
  7867 | D:11     | Killed a death yak
  7867 | D:11     | Reached skill level 15 in Unarmed Combat
  7867 | D:11     | Gained mutation: You rapidly evolve. [Chaoskin growth]
  7867 | D:11     | Reached XP level 12. HP: 64/87 MP: 14/14
  7877 | D:11     | Killed a death yak
  7889 | D:11     | Killed a death yak
  7894 | D:11     | XOM: enchant monster (bad)
  7988 | D:11     | XOM: medium Chrm miscast
  8145 | D:11     | XOM: polymorph rat -> hobgoblin
  8290 | D:11     | Gained mutation: You are partially covered in molten scales. (AC +2) [evolution]
  8330 | D:11     | XOM: noise
  8341 | D:11     | XOM: noise
  8346 | D:11     | Killed TwoGrow's ghost
  8346 | D:11     | Reached skill level 16 in Unarmed Combat
  8686 | D:11     | XOM: cloud trail
  8697 | D:11     | XOM: harmless Conj miscast
  8720 | Lair:1   | Entered Level 1 of the Lair of Beasts
  9011 | Lair:1   | Reached skill level 5 in Armour
  9307 | Lair:1   | XOM: god gift: long glowing staff {god gift}
  9425 | Lair:2   | XOM: give mutations
  9425 | Lair:2   | Gained mutation: Armour fits poorly on your strangely shaped body. [Xom's mischief]
  9425 | Lair:2   | Gained mutation: Scrolls take you longer to read. [Xom's mischief]
  9490 | Lair:2   | Noticed FraterFugae's ghost (journeyman PEAn)
  9509 | Lair:2   | Killed FraterFugae's ghost
  9551 | Lair:2   | Gained mutation: You are dopey. (Int -2) [evolution]
  9670 | Lair:2   | XOM: cast spell 'Summon Small Mammal'
  9684 | Lair:2   | XOM: give mutations
  9684 | Lair:2   | Gained mutation: Your body sometimes deteriorates upon taking damage. [Xom's mischief]
  9684 | Lair:2   | Lost mutation: Your muscles are strong. (Str +2) [Xom's mischief]
  9684 | Lair:2   | Lost mutation: Your body sometimes deteriorates upon taking damage. [Xom's mischief]
 10161 | Lair:2   | XOM: confuse monster(s)
 10165 | Lair:2   | Reached XP level 13. HP: 93/93 MP: 15/15
 10326 | Lair:3   | XOM: god gift: mace {god gift}
 10425 | Lair:3   | Found a hole to the Spider Nest.
 10451 | Lair:3   | XOM: mild Pois miscast
 10822 | Lair:3   | Lost mutation: Scrolls take you longer to read. [evolution]
 10934 | Lair:3   | XOM: god gift: scroll of teleportation
 10981 | Lair:3   | Reached skill level 10 in Fighting
 11000 | Lair:3   | XOM: harmless Tloc miscast
 11029 | Lair:3   | XOM: give mutations
 11029 | Lair:3   | Lost mutation: You tend to lose your temper in combat. [Xom's mischief]
 11029 | Lair:3   | Lost mutation: Scrolls take you a little longer to read. [Xom's mischief]
 11357 | Lair:4   | XOM: summons 4 friendly demons
 11363 | Lair:4   | Noticed Nessos
 11375 | Lair:4   | Noticed TwoGrow's ghost (journeyman ChUs)
 11440 | Lair:4   | Killed TwoGrow's ghost
 11503 | Lair:4   | XOM: harmless Tmut miscast
 11520 | Lair:4   | Killed Nessos
 11600 | Lair:4   | Noticed a seven-headed hydra
 11665 | Lair:4   | Noticed a seven-headed hydra
 11832 | Lair:4   | XOM: mild Air miscast
 11852 | Lair:4   | XOM: divination: detect items
 11895 | Lair:4   | XOM: harmless Summ miscast
 11900 | Lair:4   | Killed a seven-headed hydra
 12187 | Lair:4   | XOM: potion effect (heal wounds)
 12276 | Lair:4   | Noticed an eight-headed hydra
 12299 | Lair:4   | Killed an eight-headed hydra
 12402 | Lair:4   | Noticed Kirke
 12504 | Lair:4   | Noticed a four-headed hydra
 12522 | Lair:4   | Killed a four-headed hydra
 12648 | Lair:4   | XOM: chaos cloud
 12666 | Lair:4   | XOM: summons 3 friendly demons
 12690 | Lair:4   | XOM: enchant monster (bad)
 12696 | Lair:4   | HP: 1/106 [something (10)]
 12703 | Lair:4   | HP: 1/106 [something (16)]
 12709 | Lair:4   | Noticed a sphinx
 12712 | Lair:4   | HP: 5/106 [sphinx/divine providence[Kirke] (12)]
 12714 | Lair:4   | Mangled by Kirke

Skill      XL: |  1  2  3  4  5  6  7  8  9 10 11 12 13 |
---------------+----------------------------------------+-----
Unarmed Combat | 3 4 5 6 7 9 10 11 15 16 | 16.0
Fighting       | 6 12 | 12.1
Evocations     | 3 |  3.6
Stealth        | 7 10 | 10.0
Armour         | 8 9 |  9.0
Dodging        | 4 |  4.2
Shields        | |  3.2

Action                   |  1- 3 |  4- 6 |  7- 9 | 10-12 | 13-15 || total
-------------------------+-------+-------+-------+-------+-------++-------
Melee: Unarmed           |   108 |   168 |   354 |   497 |   390 ||  1517
Evoke: Wand              |       |       |    20 |    15 |       ||    35
       Sack of spiders   |       |       |       |       |     1 ||     1
  Use: Potion            |       |     1 |     1 |     3 |    17 ||    22
       Scroll            |       |       |     3 |     9 |     4 ||    16
 Stab: Confused          |     1 |       |       |     1 |       ||     2
       Sleeping          |       |       |    14 |    36 |     6 ||    56
       Distracted        |       |       |     2 |     1 |     4 ||     7
       Fleeing           |       |       |     1 |       |       ||     1
       Paralysed         |       |       |       |     1 |       ||     1
  Eat: Chunk             |       |     3 |    10 |     5 |       ||    18
       Ration            |       |       |       |     4 |     2 ||     6
Armor: Scale mail        |    44 |     6 |       |       |       ||    50
       Plate armour      |       |    51 |    52 |       |       ||   103
       Ice dragon scales |       |       |   109 |   158 |   136 ||   403
       Skin              |       |       |       |       |    13 ||    13
Dodge: Dodged            |    30 |    30 |    56 |   118 |   120 ||   354
Block: Shield            |    35 |    68 |   135 |   166 |   175 ||   579
